Match 41216276
Unlisted

Match 41216276
End
Panzergrenadier Squad
Panzergrenadier Squad
250 Light Carrier
Construct Light Support Kompanie
MG34 Team
Combat Half-tracks
Assault Grenadier Squad
Fire Support Elements
Panzerjäger Mechanized Group
Flakvierling Half-track
Construct Panzerarmee Kommand
Selects Panzerjäger Kommand Battlegroup
Selects Tank Busters
Selects Mine Fields
Selects Defensive Positions
Panzer III L Medium Tank
Selects Butterfly Bomb Drop
Butterfly Bomb Drop
2.5-tonne Medical Truck
Butterfly Bomb Drop
Panzer III L Medium Tank
Pak 38 Mechanized Group
カルト_くん
Gengeta
Adamir@Magnum.CZ
Materialjerry
0
0

Comments sign in to comment!

No comments posted yet!